 Dungeon Sprint DCSS version 0.22-a0-346-ga7143740d5 (webtiles) character file.

56911 FlowchartMassacre the Wild Gnoll (level 14, -22/124 HPs)
             Began as a Gnoll Berserker on Apr 6, 2018.
             Was a High Priest of Trog.
             Killed from afar by Mara (24 damage)
             ... with a bolt of fire
             ... in the Dungeon (Sprint IX: "|||||||||||||||||||||||||||||").
             The game lasted 00:14:13 (7022 turns).

FlowchartMassacre the Wild Gnoll (Gnoll Berserker)  Turns: 7022, Time: 00:14:14

Health: -22/124    AC: 27    Str: 19 (20) XL:     14   Next: 83%
Magic:  10/10      EV: 16    Int: 11      God:    Trog [*****.]
Gold:   968        SH:  0    Dex: 30      Spells: 42/42 levels left

rFire    x . .     SeeInvis .   P - +1 eveningstar (antimagic)
rCold    . . .     Gourm    .   (no shield)
rNeg     . . .     Faith    .   L - +3 plate armour of the Lair of Beasts {*Corrode rPois rF- Dex+6}
rPois    +         Spirit   .   p - +0 helmet
rElec    .         Reflect  .   I - +1 cloak
rCorr    .         Harm     .   M - +1 pair of gloves
MR       +....     Clarity  +   E - +2 pair of boots {run} Stlth ++........NoTele +
                                (no amulet)
HPRegen  0.30/turn              v - +6 ring of dexterity
MPRegen  0.12/turn              D - +2 ring of slaying

@: lethally poisoned (-22 -> -22), corroded, berserk cooldown, slowed, heavily
drained, very slow
A: distributed training, fangs 1, icy blue scales 1, clarity, deterioration 1,
evolution 1, strong nose
a: Berserk, Trog's Hand, Brothers in Arms, Renounce Religion


You were in the Dungeon.
You worshipped Trog.
Trog was extremely pleased with you.
You were near starving.

You visited 1 branch You collected 1931 gold pieces.
You spent 963 gold pieces at shops.

Inventory:

Hand Weapons
 b - the +7 spear of Infinity {flame, rElec rPois MR- Str+4 Stlth+}
   (You found it in the Dungeon)

   It has been specially enchanted to burn those struck by it, causing extra
   injury to most foes and up to half again as much damage against particularly
   susceptible opponents.
   It affects your strength (+4).
   It insulates you from electricity.
   It protects you from poison.
   It affects your resistance to hostile enchantments.
   It makes you more stealthy.
 j - the +8 longbow of Eklaerch {venom, rElec}
   (Trog gifted it to you in the Dungeon)

   It poisons the ammo it fires.
   It insulates you from electricity.
 P - a +1 antimagic eveningstar (weapon)
Missiles
 t - 193 arrows
 O - 187 bolts
Armour
 p - a +0 helmet (worn)
 E - a +2 pair of boots of running (worn)
 I - a +1 cloak (worn)
 L - the +3 plate armour of the Lair of Beasts (worn) {*Corrode rPois rF- Dex+6}
   (You found it in the Dungeon)

   It affects your dexterity (+6).
   It makes you vulnerable to fire.
   It protects you from poison.
   It may corrode you when you take damage.
 M - a +1 pair of gloves (worn)
Jewellery
 v - a +6 ring of dexterity (left hand)
 D - a +2 ring of slaying (right hand)
Wands
 m - a wand of iceblast (10)
Scrolls
 a - a scroll of enchant weapon
 i - 4 scrolls of blinking
 l - 7 scrolls of remove curse
 q - 2 scrolls of fear
 y - 2 scrolls of fog
 A - 8 scrolls of enchant armour
 B - 2 scrolls of identify
Potions
 d - 10 potions of curing
 e - 9 potions of heal wounds
 f - 4 potions of haste
 g - 4 potions of magic
 h - a potion of berserk rage
 k - a potion of invisibility
 w - a potion of flight {unknown}
 x - 6 potions of agility
 z - 3 potions of brilliance
 F - 2 potions of might
Comestibles
 c - 7 rations


   Skills:
 + Level 15.8(13.2) Fighting
 + Level 14.8(12.2) Short Blades
 + Level 14.8(12.2) Long Blades
 + Level 14.8(12.2) Axes
 + Level 15.8(13.2) Maces & Flails
 + Level 14.8(12.2) Polearms
 + Level 14.8(12.2) Staves
 + Level 14.8(12.2) Slings
 + Level 14.8(12.2) Bows
 + Level 14.8(12.2) Crossbows
 + Level 14.8(12.2) Throwing
 + Level 15.3(12.7) Armour
 + Level 15.3(12.7) Dodging
 + Level 14.8(12.2) Stealth
 + Level 14.8(12.2) Shields
 + Level 14.8(12.2) Unarmed Combat
 + Level 14.8(12.2) Spellcasting
 + Level 12.7(10.3) Conjurations
 + Level 12.7(10.3) Hexes
 + Level 12.7(10.3) Charms
 + Level 12.7(10.3) Summonings
 + Level 12.7(10.3) Necromancy
 + Level 12.7(10.3) Translocations
 + Level 12.7(10.3) Transmutations
 + Level 12.7(10.3) Fire Magic
 + Level 12.7(10.3) Ice Magic
 + Level 12.7(10.3) Air Magic
 + Level 12.7(10.3) Earth Magic
 + Level 12.7(10.3) Poison Magic
 + Level 15.9(13.3) Invocations
 + Level 14.8(12.2) Evocations


You had 42 spell levels left.
You didn't know any spells.

Dungeon Overview and Level Annotations

Branches:
Dungeon (1/1)

Altars:
Cheibriados
Dithmenos
Elyvilon
Fedhas
Gozag
Hepliaklqana
Kikubaaqudgha
Makhleb
Nemelex Xobeh
Okawaru
Qazlal
Ru
Sif Muna
Trog
Uskayaw
Vehumet
Wu Jian
Xom
Yredelemnul
Zin
The Shining One
Beogh
Jiyva
Lugonu

Shops:
D !*}!

Annotations:
D Mara


Innate Abilities, Weirdness & Mutations

Your experience applies equally to all skills.
You have very sharp teeth.
Your uncanny sense of smell can sniff out nearby items.
You are partially covered in icy blue scales. (AC +2)
You possess an exceptional clarity of mind.
Your body sometimes deteriorates upon taking damage.
You evolve.


Message History

You see here 7 arrows.
You feel sick.
Mara hits you from afar with a demon trident of draining!
Your corrosive artefact corrodes you!
You feel drained.
Mara blinks!
Mara hits you with a demon trident of draining!
You feel drained.
You hit Mara.
Mara's magic leaks into the air.
Mara is heavily wounded.
Mara hits you from afar with a demon trident of draining!
You feel drained. Mara gestures at you.
The bolt of fire hits Mara.
Mara completely resists.
The bolt of fire hits you! The fire burns you terribly!
* * * LOW HITPOINT WARNING * * *
Your body deteriorates!
You feel weakened.
The bolt of fire misses Mara.
Mara closely misses you. Mara gestures at you.
The bolt of fire hits Mara.
Mara completely resists.
The bolt of fire hits you! The fire burns you terribly!
You die...

.▓.▓.▓.▓.▓.▓.▓.▓.▓∆
.▓.▓.▓'▓.▓.▓)▓.▓.▓
∆
.▓.▓.▓.▓.▓.▓)▓.▓.▓
.▓.▓.▓.▓.▓.▓)▓.▓.▓
∆
.▓.▓.▓.▓.▓.▓)▓.▓§▓
∆
.▓.▓.▓.▓.▓.▓.▓.▓.▓
∆
.▓.▓.▓.▓.▓.▓.▓.▓R▓
.▓.▓.▓.▓.▓.▓.▓.▓R▓
∆
.▓.▓.▓.▓.▓.▓.▓.▓@▓
.▓.▓.▓.▓.▓.▓.▓.▓(▓
∆
.▓.▓.▓.▓.▓.▓.▓.▓R▓
∆
.▓)▓.▓'▓.▓.▓.▓.▓.▓
∆
.▓.▓.♣(♣.▓)▓.▓.▓(▓
∆
.▓[▓.♣.♣.▓(▓.▓.▓.▓
∆
.▓'▓.♣.♣.▓.▓.▓.▓.▓∆
∆
.▓.▓.♣.♣.▓.▓.▓.▓.▓
∆
.▓.▓.♣.♣.▓.▓.▓.▓.▓
∆


You could see 3 Maras.

Vanquished Creatures
  Sojobo (D)
  Saint Roka (D)
  Agnes (D)
  2 tengu reavers (D)
  A nagaraja (D)
  2 frost giants (D)
  A stone giant (D)
  2 fire dragons (D)
  2 rakshasas (D)
  2 ice dragons (D)
  A hydra (D)
  A naga warrior (D)
  An ogre mage (D)
  An alligator (D)
  An anaconda (D)
  2 centaur warriors (D)
  A death knight (D)
  An alligator snapping turtle (D)
  A deep troll shaman (D)
  A two-headed ogre (D)
  A shock serpent (D)
  A shadow wraith (D)
  An unseen horror (D)
  A flayed ghost (D)
  A deep troll (D)
  A sea snake (D)
  A deep elf archer (D)
  3 orc knights (D)
  A mana viper (shapeshifter) (D)
  An orb spider (shapeshifter) (D)
  2 necromancers (D)
  4 orc sorcerers (D)
  A deep elf mage (D)
  2 wolf spiders (D)
  4 manticores (D)
  An ugly thing (D)
  A moth of wrath (D)
  4 black mambas (D)
  A guardian serpent (D)
  Joseph (D)
  A vault sentinel (D)
  2 spiny frogs (D)
  A komodo dragon (shapeshifter) (D)
  A demonic crawler (D)
  A yaktaur (D)
  A tengu conjurer (D)
  2 tyrant leeches (D)
  2 hornets (D)
  3 merfolk (D)
  A hippogriff (D)
  2 bog bodies (D)
  A redback (D)
  A shadow (D)
  4 tarantellas (D)
  Eustachio (D)
  Grum (D)
  A water elemental (D)
  6 vampire mosquitoes (D)
  An insubstantial wisp (D)
  2 water moccasins (D)
  2 porcupines (D)
  5 orc warriors (D)
  A sky beast (D)
  4 wolves (D)
  2 centaurs (D)
  4 crocodiles (D)
  6 bullfrogs (D)
  A wight (D)
  A crimson imp (D)
  2 jellies (D)
  7 orc wizards (D)
  4 orc priests (D)
  2 worker ants (D)
  An adder (D)
  A shadow imp (D)
  An adder skeleton (D)
  An adder zombie (D)
  A dart slug (D)
  15 orcs (D)
  2 bats (D)
  2 bat zombies (D)
  A frilled lizard (D)
  2 rats (D)
162 creatures vanquished.

Vanquished Creatures (collateral kills)
  A tengu reaver (D)
  A frost giant (D)
  An ironheart preserver (D)
  A very ugly thing (D)
  3 stone giants (D)
  A yaktaur captain (D)
  A great orb of eyes (D)
  An ice dragon (D)
  A rakshasa (D)
  A hydra (D)
  A deep troll shaman (D)
  A spriggan berserker (D)
  A wizard (D)
  An ugly thing (D)
  2 orc sorcerers (D)
  A naga mage (D)
  A freezing wraith (D)
  3 yaktaurs (D)
  A slime creature (D)
  5 orc warriors (D)
  A crocodile (D)
  A bullfrog (D)
  An orc priest (D)
32 creatures vanquished.

Grand Total: 194 creatures vanquished

Notes
Turn   | Place    | Note
-------+----------+-------------------------------------------
     0 | D        | FlowchartMassacre the Gnoll Berserker began the quest for the Orb.
     0 | D        | Reached XP level 1. HP: 23/23 MP: 1/1
    11 | D        | Reached ** piety under Trog
    15 | D        | Reached skill level 1 in Short Blades
    15 | D        | Reached skill level 1 in Long Blades
    15 | D        | Reached skill level 1 in Axes
    15 | D        | Reached skill level 1 in Polearms
    15 | D        | Reached skill level 1 in Staves
    15 | D        | Reached skill level 1 in Slings
    15 | D        | Reached skill level 1 in Bows
    15 | D        | Reached skill level 1 in Crossbows
    15 | D        | Reached skill level 1 in Throwing
    15 | D        | Reached skill level 1 in Stealth
    15 | D        | Reached skill level 1 in Shields
    15 | D        | Reached skill level 1 in Unarmed Combat
    15 | D        | Reached skill level 1 in Spellcasting
    15 | D        | Reached skill level 1 in Invocations
    15 | D        | Reached skill level 1 in Evocations
    16 | D        | Reached XP level 2. HP: 27/29 MP: 1/3
    35 | D        | Reached skill level 1 in Conjurations
    35 | D        | Reached skill level 1 in Hexes
    35 | D        | Reached skill level 1 in Charms
    35 | D        | Reached skill level 1 in Summonings
    35 | D        | Reached skill level 1 in Necromancy
    35 | D        | Reached skill level 1 in Translocations
    35 | D        | Reached skill level 1 in Transmutations
    35 | D        | Reached skill level 1 in Fire Magic
    35 | D        | Reached skill level 1 in Ice Magic
    35 | D        | Reached skill level 1 in Air Magic
    35 | D        | Reached skill level 1 in Earth Magic
    35 | D        | Reached skill level 1 in Poison Magic
    36 | D        | Reached *** piety under Trog
    45 | D        | Reached skill level 5 in Armour
    45 | D        | Reached skill level 5 in Dodging
    45 | D        | Reached XP level 3. HP: 35/35 MP: 3/6
    81 | D        | Found a roughly hewn altar of Beogh.
    81 | D        | Found a snail-covered altar of Cheibriados.
    81 | D        | Found a shadowy altar of Dithmenos.
    81 | D        | Found a white marble altar of Elyvilon.
    81 | D        | Found a blossoming altar of Fedhas.
    81 | D        | Found an opulent altar of Gozag.
    82 | D        | Found a hazy altar of Hepliaklqana.
    83 | D        | Found a viscous altar of Jiyva.
    84 | D        | Found an ancient bone altar of Kikubaaqudgha.
    85 | D        | Found a corrupted altar of Lugonu.
    86 | D        | Found a burning altar of Makhleb.
    87 | D        | Found a sparkling altar of Nemelex Xobeh.
    88 | D        | Found an iron altar of Okawaru.
    89 | D        | Found a stormy altar of Qazlal.
    90 | D        | Found a sacrificial altar of Ru.
    91 | D        | Found a deep blue altar of Sif Muna.
    92 | D        | Found a bloodstained altar of Trog.
    93 | D        | Found a hide-covered altar of Uskayaw.
    94 | D        | Found a radiant altar of Vehumet.
    95 | D        | Found an ornate altar of the Wu Jian Council.
    96 | D        | Found a shimmering altar of Xom.
    97 | D        | Found a basalt altar of Yredelemnul.
    98 | D        | Found a glowing silver altar of Zin.
    99 | D        | Found a glowing golden altar of the Shining One.
   150 | D        | Noticed a sky beast
   150 | D        | Noticed a centaur
   153 | D        | Reached **** piety under Trog
   153 | D        | Reached XP level 4. HP: 43/43 MP: 7/7
   155 | D        | Killed a centaur
   155 | D        | Reached XP level 5. HP: 48/48 MP: 7/10
   159 | D        | Killed a sky beast
   159 | D        | Reached XP level 6. HP: 56/56 MP: 7/12
   168 | D        | Received a gift from Trog
   201 | D        | Noticed a centaur warrior
   201 | D        | Noticed a deep elf mage
   203 | D        | Reached skill level 5 in Invocations
   206 | D        | Killed a deep elf mage
   206 | D        | Reached ***** piety under Trog
   206 | D        | Reached skill level 5 in Short Blades
   206 | D        | Reached skill level 5 in Long Blades
   206 | D        | Reached skill level 5 in Axes
   206 | D        | Reached skill level 5 in Polearms
   206 | D        | Reached skill level 5 in Staves
   206 | D        | Reached skill level 5 in Slings
   206 | D        | Reached skill level 5 in Bows
   206 | D        | Reached skill level 5 in Crossbows
   206 | D        | Reached skill level 5 in Throwing
   206 | D        | Reached skill level 5 in Stealth
   206 | D        | Reached skill level 5 in Shields
   206 | D        | Reached skill level 5 in Unarmed Combat
   206 | D        | Reached skill level 5 in Spellcasting
   206 | D        | Reached skill level 5 in Evocations
   206 | D        | Reached XP level 7. HP: 63/63 MP: 12/15
   213 | D        | Killed a centaur warrior
   213 | D        | Reached skill level 5 in Conjurations
   213 | D        | Reached skill level 5 in Hexes
   213 | D        | Reached skill level 5 in Charms
   213 | D        | Reached skill level 5 in Summonings
   213 | D        | Reached skill level 5 in Necromancy
   213 | D        | Reached skill level 5 in Translocations
   213 | D        | Reached skill level 5 in Transmutations
   213 | D        | Reached skill level 5 in Fire Magic
   213 | D        | Reached skill level 5 in Ice Magic
   213 | D        | Reached skill level 5 in Air Magic
   213 | D        | Reached skill level 5 in Earth Magic
   213 | D        | Reached skill level 5 in Poison Magic
   213 | D        | Reached XP level 8. HP: 71/71 MP: 12/17
   215 | D        | Received a gift from Trog
   369 | D        | Gained mutation: You possess an exceptional clarity of mind. [potion of mutation]
   369 | D        | Gained mutation: You evolve. [potion of mutation]
   387 | D        | Noticed a hippogriff
   395 | D        | Noticed an eight-headed hydra
   397 | D        | Killed a hippogriff
   397 | D        | Reached XP level 9. HP: 78/78 MP: 19/19
   407 | D        | Killed an eight-headed hydra
   407 | D        | Reached skill level 10 in Fighting
   407 | D        | Reached skill level 10 in Maces & Flails
   481 | D        | Noticed a six-headed hydra
   481 | D        | Noticed a black mamba
   483 | D        | Noticed a spiny frog
   490 | D        | Received a gift from Trog
   502 | D        | Killed a six-headed hydra
   502 | D        | Reached XP level 10. HP: 71/86 MP: 20/22
   512 | D        | Killed a black mamba
   514 | D        | Killed a spiny frog
   522 | D        | Received a gift from Trog
   675 | D        | Reached ****** piety under Trog
   676 | D        | Reached skill level 10 in Armour
   676 | D        | Reached skill level 10 in Dodging
   698 | D        | Received a gift from Trog
   951 | D        | Noticed Eustachio
   960 | D        | Killed Eustachio
  1033 | D        | Received a gift from Trog
  1036 | D        | Received a gift from Trog
  1037 | D        | Reached skill level 10 in Invocations
  1048 | D        | Got a crude longbow {god gift}
  1049 | D        | Identified the +8 longbow of Eklaerch {venom, rElec} (Trog gifted it to you in the Dungeon)
  1107 | D        | Received a gift from Trog
  1136 | D        | Noticed an orc knight
  1146 | D        | Killed an orc knight
  1148 | D        | Received a gift from Trog
  1154 | D        | Received a gift from Trog
  1155 | D        | Noticed an orc sorcerer
  1166 | D        | Reached XP level 11. HP: 39/93 MP: 24/24
  1176 | D        | Killed an orc sorcerer
  1176 | D        | Received a gift from Trog
  1177 | D        | Received a gift from Trog
  1183 | D        | Noticed an orc sorcerer
  1184 | D        | Killed an orc sorcerer
  1184 | D        | Received a gift from Trog
  1407 | D        | Found Goas's Distillery.
  1407 | D        | Noticed an orc sorcerer
  1409 | D        | Noticed an orc knight
  1409 | D        | Killed an orc sorcerer
  1416 | D        | Noticed an orc knight
  1418 | D        | Killed an orc knight
  1453 | D        | Killed an orc knight
  1517 | D        | Found Omiav's Gadget Shop.
  1521 | D        | Found Sisaos's General Store.
  1522 | D        | Noticed an orc sorcerer
  1524 | D        | Killed an orc sorcerer
  1524 | D        | Reached skill level 10 in Short Blades
  1524 | D        | Reached skill level 10 in Long Blades
  1524 | D        | Reached skill level 10 in Axes
  1524 | D        | Reached skill level 10 in Polearms
  1524 | D        | Reached skill level 10 in Staves
  1524 | D        | Reached skill level 10 in Slings
  1524 | D        | Reached skill level 10 in Bows
  1524 | D        | Reached skill level 10 in Crossbows
  1524 | D        | Reached skill level 10 in Throwing
  1524 | D        | Reached skill level 10 in Stealth
  1524 | D        | Reached skill level 10 in Shields
  1524 | D        | Reached skill level 10 in Unarmed Combat
  1524 | D        | Reached skill level 10 in Spellcasting
  1524 | D        | Reached skill level 10 in Evocations
  1525 | D        | Found Vegaizae's Distillery.
  1530 | D        | Noticed an orc sorcerer
  1531 | D        | Received a gift from Trog
  1532 | D        | Noticed an orc sorcerer
  1532 | D        | Paralysed by an orc sorcerer for 2 turns
  1535 | D        | Killed an orc sorcerer
  1535 | D        | Received a gift from Trog
  1539 | D        | Killed an orc sorcerer
  1602 | D        | Got a polished shortbow {god gift}
  1603 | D        | Identified the +4 shortbow of Brutal Revenge {velocity, *Slow rElec Str+5 SInv} (Trog gifted it to you in the Dungeon)
  1638 | D        | Bought a +2 pair of boots of running for 415 gold pieces
  1642 | D        | Bought a potion of curing for 30 gold pieces
  1642 | D        | Bought a potion of heal wounds for 50 gold pieces
  1648 | D        | Bought a potion of curing for 39 gold pieces
  1648 | D        | Bought a potion of heal wounds for 65 gold pieces
  1648 | D        | Bought a potion of haste for 130 gold pieces
  1648 | D        | Bought a potion of heal wounds for 65 gold pieces
  1648 | D        | Bought a potion of curing for 39 gold pieces
  1648 | D        | Bought a potion of curing for 39 gold pieces
  1648 | D        | Bought a potion of might for 52 gold pieces
  1648 | D        | Bought a potion of curing for 39 gold pieces
  1720 | D        | Noticed Grum
  1722 | D        | Killed Grum
  1790 | D        | Got the +7 spear of Infinity {flame, rElec rPois MR- Str+4 Stlth+}
  1850 | D        | Noticed a manticore
  1850 | D        | Noticed a two-headed ogre
  1850 | D        | Noticed a centaur warrior
  1872 | D        | Killed a centaur warrior
  1872 | D        | Received a gift from Trog
  1873 | D        | Received a gift from Trog
  1886 | D        | Killed a two-headed ogre
  1915 | D        | Killed a manticore
  1916 | D        | Noticed a stone giant
  1917 | D        | Killed an unseen horror
  1924 | D        | Killed a stone giant
  1924 | D        | Reached XP level 12. HP: 57/103 MP: 26/26
  1927 | D        | Received a gift from Trog
  1951 | D        | Noticed a white very ugly thing
  1952 | D        | Noticed an ice dragon
  1956 | D        | Noticed an ogre mage
  1957 | D        | Noticed a frost giant
  1957 | D        | Killed a white very ugly thing
  1962 | D        | Killed an ice dragon
  1962 | D        | Received a gift from Trog
  1971 | D        | Killed a frost giant
  1971 | D        | Received a gift from Trog
  1972 | D        | Noticed a fire dragon
  1988 | D        | Killed a fire dragon
  1991 | D        | Killed an ogre mage
  2058 | D        | Noticed a deep troll shaman
  2059 | D        | Killed a deep troll shaman
  2274 | D        | Noticed Agnes
  2285 | D        | Killed Agnes
  2573 | D        | Noticed Joseph
  2579 | D        | Killed Joseph
  2631 | D        | Noticed a naga warrior
  2631 | D        | Noticed an anaconda
  2634 | D        | Noticed a nagaraja
  2636 | D        | Reached skill level 10 in Conjurations
  2636 | D        | Reached skill level 10 in Hexes
  2636 | D        | Reached skill level 10 in Charms
  2636 | D        | Reached skill level 10 in Summonings
  2636 | D        | Reached skill level 10 in Necromancy
  2636 | D        | Reached skill level 10 in Translocations
  2636 | D        | Reached skill level 10 in Transmutations
  2636 | D        | Reached skill level 10 in Fire Magic
  2636 | D        | Reached skill level 10 in Ice Magic
  2636 | D        | Reached skill level 10 in Air Magic
  2636 | D        | Reached skill level 10 in Earth Magic
  2636 | D        | Reached skill level 10 in Poison Magic
  2642 | D        | Received a gift from Trog
  2649 | D        | Killed an anaconda
  2661 | D        | Noticed a shock serpent
  2662 | D        | Killed a naga warrior
  2673 | D        | Killed a nagaraja
  2673 | D        | Received a gift from Trog
  2673 | D        | Reached XP level 13. HP: 70/111 MP: 27/29
  2716 | D        | Got a brightly glowing shortbow {god gift}
  2717 | D        | Identified the +4 shortbow of Risk Management {venom, Int+2} (Trog gifted it to you in the Dungeon)
  2845 | D        | Gained mutation: Your body sometimes deteriorates upon taking damage. [evolution]
  2993 | D        | Received a gift from Trog
  3035 | D        | Received a gift from Trog
  3136 | D        | Received a gift from Trog
  3147 | D        | Got a shimmering flail {god gift}
  3307 | D        | Received a gift from Trog
  3313 | D        | Received a gift from Trog
  3584 | D        | Received a gift from Trog
  3698 | D        | Noticed a great orb of eyes
  3698 | D        | Noticed a stone giant
  3703 | D        | Killed a stone giant
  3705 | D        | Killed a great orb of eyes
  3710 | D        | Received a gift from Trog
  3721 | D        | Noticed a frost giant
  3730 | D        | Killed a frost giant
  3730 | D        | Received a gift from Trog
  3733 | D        | Noticed a rakshasa
  3735 | D        | Killed a rakshasa
  3735 | D        | Received a gift from Trog
  3980 | D        | Got a steaming arbalest {god gift}
  3982 | D        | Identified the +3 flail of Iduj {crush, Dex+4} (Trog gifted it to you in the Dungeon)
  3983 | D        | Identified the +6 arbalest "Diadague" {freeze, rElec Str+4} (Trog gifted it to you in the Dungeon)
  4005 | D        | Noticed an ice dragon
  4009 | D        | Noticed a frost giant
  4011 | D        | Killed an ice dragon
  4013 | D        | Noticed a rakshasa
  4016 | D        | Killed a frost giant
  4027 | D        | Noticed a stone giant
  4031 | D        | Noticed a stone giant
  4034 | D        | Noticed a stone giant
  4036 | D        | Noticed a tengu reaver
  4037 | D        | Killed a rakshasa
  4042 | D        | Killed a stone giant
  4045 | D        | Killed a stone giant
  4045 | D        | Received a gift from Trog
  4045 | D        | Reached XP level 14. HP: 35/121 MP: 31/31
  4048 | D        | Killed a tengu reaver
  4351 | D        | Noticed an ironheart preserver
  4352 | D        | Received a gift from Trog
  4368 | D        | Killed an ironheart preserver
  4379 | D        | Received a gift from Trog
  4379 | D        | Reached skill level 15 in Fighting
  4379 | D        | Reached skill level 15 in Maces & Flails
  4590 | D        | Reached skill level 15 in Invocations
  4772 | D        | Received a gift from Trog
  4984 | D        | Received a gift from Trog
  5007 | D        | Gained mutation: You are partially covered in icy blue scales. (AC +2) [evolution]
  5148 | D        | Received a gift from Trog
  5151 | D        | Noticed Saint Roka
  5184 | D        | Killed Saint Roka
  5184 | D        | Reached skill level 15 in Armour
  5184 | D        | Reached skill level 15 in Dodging
  5468 | D        | Noticed a tengu reaver
  5480 | D        | Killed a tengu reaver
  5481 | D        | Noticed Sojobo
  5484 | D        | Noticed a tengu reaver
  5572 | D        | Killed Sojobo
  5572 | D        | Received a gift from Trog
  6539 | D        | Killed a tengu reaver
  6539 | D        | Received a gift from Trog
  6888 | D        | Got the +3 plate armour of the Lair of Beasts {*Corrode rPois rF- Dex+6}
  6994 | D        | Noticed Mara
  6998 | D        | Noticed FlowchartMassacre's illusion
  7022 | D        | HP: 2/124 [Mara/bolt of fire (37)]
  7022 | D        | Killed from afar by Mara

Vault maps used:
D:        linesprint

Skill      XL: |  1  2  3  4  5  6  7  8  9 10 11 12 13 14 |
---------------+-------------------------------------------+-----
Short Blades   | 1 2 3 4 5 6 7 8 9 10 12 13 14 | 14.8
Long Blades    | 1 2 3 4 5 6 7 8 9 10 12 13 14 | 14.8
Axes           | 1 2 3 4 5 6 7 8 9 10 12 13 14 | 14.8
Polearms       | 1 2 3 4 5 6 7 8 9 10 12 13 14 | 14.8
Staves         | 1 2 3 4 5 6 7 8 9 10 12 13 14 | 14.8
Slings         | 1 2 3 4 5 6 7 8 9 10 12 13 14 | 14.8
Bows           | 1 2 3 4 5 6 7 8 9 10 12 13 14 | 14.8
Crossbows      | 1 2 3 4 5 6 7 8 9 10 12 13 14 | 14.8
Throwing       | 1 2 3 4 5 6 7 8 9 10 12 13 14 | 14.8
Stealth        | 1 2 3 4 5 6 7 8 9 10 12 13 14 | 14.8
Shields        | 1 2 3 4 5 6 7 8 9 10 12 13 14 | 14.8
Unarmed Combat | 1 2 3 4 5 6 7 8 9 10 12 13 14 | 14.8
Spellcasting   | 1 2 3 4 5 6 7 8 9 10 12 13 14 | 14.8
Invocations    | 1 2 3 4 6 7 9 10 11 13 14 15 | 15.9
Evocations     | 1 2 3 4 5 6 7 8 9 10 12 13 14 | 14.8
Conjurations   | 1 2 3 4 5 6 7 9 10 11 12 | 12.7
Hexes          | 1 2 3 4 5 6 7 9 10 11 12 | 12.7
Charms         | 1 2 3 4 5 6 7 9 10 11 12 | 12.7
Summonings     | 1 2 3 4 5 6 7 9 10 11 12 | 12.7
Necromancy     | 1 2 3 4 5 6 7 9 10 11 12 | 12.7
Translocations | 1 2 3 4 5 6 7 9 10 11 12 | 12.7
Transmutations | 1 2 3 4 5 6 7 9 10 11 12 | 12.7
Fire Magic     | 1 2 3 4 5 6 7 9 10 11 12 | 12.7
Ice Magic      | 1 2 3 4 5 6 7 9 10 11 12 | 12.7
Air Magic      | 1 2 3 4 5 6 7 9 10 11 12 | 12.7
Earth Magic    | 1 2 3 4 5 6 7 9 10 11 12 | 12.7
Poison Magic   | 1 2 3 4 5 6 7 9 10 11 12 | 12.7
Armour         | 5 6 7 8 9 10 11 12 14 15 | 15.3
Dodging        | 5 6 7 8 9 10 11 12 14 15 | 15.3
Fighting       | 7 8 9 10 11 12 13 14 15 | 15.8
Maces & Flails | 7 8 9 10 11 12 13 14 15 | 15.8

Action                   |  1- 3 |  4- 6 |  7- 9 | 10-12 | 13-15 || total
-------------------------+-------+-------+-------+-------+-------++-------
Melee: Mace              |    22 |       |       |       |       ||    22
       Bite              |     3 |     3 |    10 |    11 |     7 ||    34
       Quarterstaff      |     2 |    15 |    46 |    42 |       ||   105
       Spear             |       |       |       |    44 |     2 ||    46
       Punch             |       |       |       |     3 |     3 ||     6
       Flail             |       |       |       |       |     1 ||     1
       Eveningstar       |       |       |       |       |    30 ||    30
       Longbow           |       |       |       |       |     1 ||     1
 Fire: Longbow           |       |       |       |   142 |   310 ||   452
Invok: Berserk           |     2 |     1 |     2 |     4 |     3 ||    12
       Brothers in Arms  |       |       |     1 |     3 |     9 ||    13
       Trog's Hand       |       |       |       |       |     3 ||     3
  Use: Potion            |       |       |     1 |     1 |     3 ||     5
       Scroll            |       |       |       |       |     2 ||     2
 Stab: Sleeping          |     1 |       |       |       |       ||     1
  Eat: Chunk             |       |       |     3 |    11 |     3 ||    17
       Ration            |       |       |       |       |     5 ||     5
Armor: Animal skin       |     2 |       |       |       |       ||     2
       Plate armour      |     1 |     7 |    30 |    27 |     8 ||    73
       Storm dragon scal |       |       |       |    29 |    61 ||    90
Dodge: Dodged            |    13 |     2 |    26 |    71 |   117 ||   229

Table legend:
 A = Spawn XP
 B = Non-spawn XP
 C = Spawn XP percentage of total XP
 D = Spawn monster count
 E = Non-spawn monster count
 F = Spawn count percentage of total count
 G = Total turns spent on level
                    A         B        C        D         E        F      G
               +---------+---------+-------+---------+---------+-------+---------
         Total |       0 |   81302 |   0.0 |       0 |     194 |   0.0 |  7022
               +---------+---------+-------+---------+---------+-------+---------
             D |       0 |   81302 |   0.0 |       0 |     194 |   0.0 |  7022
               +---------+---------+-------+---------+---------+-------+---------
